 Dungeon Crawl Stone Soup version 0.27-a0-906-g0a00ce8 (webtiles) character file.

Game seed: 17111907849884366073

352 2tousent the Skirmisher (level 6, 0/78 HPs)
             Began as a Demonspawn Monk on Apr 6, 2021.
             Was a Believer of Ashenzari.
             Slain by a scorpion (4 damage)
             ... on level 4 of the Dungeon.
             The game lasted 00:09:02 (3102 turns).

2tousent the Skirmisher (Demonspawn Monk)           Turns: 3102, Time: 00:09:03

Health: 0/78       AC: 23    Str: 13    XL:     6   Next: 34%
Magic:  6/6        EV:  2    Int: 11    God:    Ashenzari [**....]
Gold:   54         SH:  0    Dex: 16    Spells: 5/5 levels left

rFire    . . .     SeeInvis +   a - +0 spear "Lashed With Me" {Self, Bglg} (curse)
rCold    . . .     Faith    .   (no shield)
rNeg     + + +     Spirit   .   (armour currently unavailable)
rPois    +         Reflect  .   (helmet currently unavailable)
rElec    .         Harm     .   (cloak currently unavailable)
rCorr    .         Rampage  .   (gloves currently unavailable)
Will     .....     NoTele   +   (boots currently unavailable)
Stlth    ++........             h - amulet of the Wild Blue Yonder {Regen+, Evo, Elem} (curse)
HPRegen  1.23/turn              (no ring)
MPRegen  0.10/turn              (no ring)

@: lethally poisoned (0 -> 0), tree-form
A: stationary, stasis, torment immunity, boosted hp, (talons 2)
a: Renounce Religion, Shatter the Chains


You were on level 4 of the Dungeon.
You worshipped Ashenzari.
Ashenzari was pleased with you.
You were a tree.
You visited 1 branch of the dungeon, and saw 4 of its levels.

You collected 54 gold pieces.

Inventory:

Hand Weapons
 a - the cursed +0 spear "Lashed With Me" (weapon) {Self, Bglg}

   It has a curse which improves the following skills: Introspection: Fighting
   and Spellcasting.
   Beguiling: Conjurations, Hexes and Translocations.
Armour
 b - the cursed +0 robe of the Visionary God (melded) {Melee, Evo}

   It has a curse which improves the following skills: Melee Combat: Short
   Blades, Long Blades, Axes, Maces & Flails, Polearms, Staves and Unarmed
   Combat.
   Evocations: Evocations.
Jewellery
 h - the cursed amulet of the Wild Blue Yonder (around neck) {Regen+, Evo, Elem}
   (You found it on level 2 of the Dungeon)

   [amulet of regeneration]

   It increases your rate of health regeneration.
   It has a curse which improves the following skills: Evocations: Evocations.
   Elements:  Fire Magic, Ice Magic, Air Magic and Earth Magic.
 j - a ring of ice
 o - a ring of wizardry
Scrolls
 d - a scroll of magic mapping
 e - 4 scrolls of identify
 f - a scroll of amnesia
 g - a scroll of blinking
 i - a scroll of teleportation
 k - 2 scrolls of enchant armour
 m - a scroll of fog
 n - a scroll of fear
Potions
 c - a potion of berserk rage
 l - a potion of lignification


   Skills:
 + Level 4.6(6.0) Fighting
 + Level 3.7 Polearms
 + Level 2.6 Armour
 + Level 4.0 Dodging
 - Level 1.7 Stealth
 - Level 0.5 Unarmed Combat


You had 5 spell levels left.
You didn't know any spells.
Your spell library was empty.

Dungeon Overview and Level Annotations

Branches:
Dungeon (4/15)
 Temple: D:4-7

Altars:
Ashenzari
Gozag
Nemelex Xobeh
Zin


Innate Abilities, Weirdness & Mutations

You are a tree.
Your roots penetrate the ground, keeping you stationary.
You cannot be teleported.
You are immune to unholy pain and torment.
Your maximum health is greatly increased.
Your equipment is partially melded.
((You have razor-sharp toenails.))


Message History

The scorpion barely misses you.
You hit the scorpion but do no damage.
You claw the scorpion, but do no damage.
The scorpion is heavily wounded.
You feel sick. The scorpion stings you!
You are more poisoned.
The scorpion poisons you! The hobgoblin barely misses you.
You hit the scorpion.
The scorpion is severely wounded.
You feel sick. The scorpion stings you.
* * * LOW HITPOINT WARNING * * *
You hit the scorpion.
The scorpion is almost dead.
You feel sick. The hobgoblin misses you. The scorpion closely misses you.
Okay, then.
You closely miss the scorpion.
The scorpion is almost dead.
You feel sick. The hobgoblin closely misses you.
You hit the scorpion.
You kill the scorpion!
You feel sick. The hobgoblin hits you.
* * * LOW HITPOINT WARNING * * *
Your Dodging skill increases to level 4!
You hit the scorpion.
You claw the scorpion, but do no damage.
The scorpion is moderately wounded.
You feel sick. The scorpion stings you.
* * * LOW HITPOINT WARNING * * *
The hobgoblin closely misses you.
Really quaff the potion of lignification?
You turn into a tree.
The cursed +0 robe of the Visionary God {Melee, Evo} melds into your body.
Your roots penetrate the ground.
You feel sick.
The scorpion stings you but does no damage.
The hobgoblin hits you.
* * * LOW HITPOINT WARNING * * *
You barely miss the scorpion.
The scorpion is moderately wounded.
You feel sick. The scorpion stings you.
You die...

,#.#.**#......†....####
#.._, #............... ###.
,#.....#......... 8 ,*$..,
#............... ,, ,
####.###.....#......>.. ,
##...........#.......... *
*#....#......##.......... ,
,, #.............########
,,, #.$##♣#..##....#* , , ,
, ####.#gs##...#....#* , *
* _ *#....................
,
#####......#####.#..#...#,,
,...........#####.#..###.#
..............##.#.## *...
#.....<.#.* #...# .. *
............#
*#...........# , ,


You could see a scorpion and a hobgoblin.

Vanquished Creatures
  2 scorpions
  3 hounds
  An orc priest (D:3)
  An orc wizard (D:3)
  An adder (D:2)
  An adder zombie (D:3)
  4 worms (D:2)
  3 dart slugs
  2 orcs (D:3)
  5 ball pythons
  3 endoplasms
  2 giant cockroaches
  7 goblins
  7 hobgoblins
  3 quokkas (D:1)
  2 bats (D:1)
  5 frilled lizards
  7 kobolds
  4 rats
63 creatures vanquished.

Notes
Turn   | Place    | Note
-------+----------+-------------------------------------------
     0 | D:1      | 2tousent the Demonspawn Monk began the quest for the Orb.
     0 | D:1      | Reached XP level 1. HP: 18/18 MP: 1/1
   169 | D:1      | Gained mutation: You have sharp toenails. [demonic
                  | ancestry]
   169 | D:1      | Reached XP level 2. HP: 24/24 MP: 2/2
   664 | D:1      | Found a faded altar of an unknown god.
   735 | D:1      | Became a worshipper of Ashenzari the Shackled
   939 | D:2      | HP: 1/24 [worm (4)]
   973 | D:2      | Found a sparkling altar of Nemelex Xobeh.
  1261 | D:2      | Reached skill level 1 in Armour
  1261 | D:2      | Reached XP level 3. HP: 15/29 MP: 3/3
  2149 | D:2      | Reached XP level 4. HP: 37/37 MP: 4/4
  2388 | D:3      | Reached * piety under Ashenzari
  2397 | D:3      | Gained mutation: You have razor-sharp toenails. [demonic
                  | ancestry]
  2397 | D:3      | Reached XP level 5. HP: 41/42 MP: 5/5
  2833 | D:3      | Reached ** piety under Ashenzari
  3052 | D:4      | Found an opulent altar of Gozag.
  3067 | D:4      | Reached XP level 6. HP: 52/52 MP: 6/6
  3102 | D:4      | Slain by a scorpion

Illustrated notes

Levels and vault maps discovered:
D:1:      evilmike_arrival_plus, layout_basic, basic_ecumenical_altar,
          minmay_octomino_e4
D:2:      layout_loops_ring, basic_altar, wander_ebering_terrifying_dragon_lair
D:3:      layout_loops_cross, minmay_pentangle
D:4:      layout_rooms, nicolae_overflow_hidden_temple,
          nicolae_uskayaw_dance_hall, vehumet_altar_wand_db,
          nicolae_gozag_cash_rules_everything_around_me,
          chequers_serial_rivers_marsh

Skill      XL: |  1  2  3  4  5  6 |
---------------+-------------------+-----
Armour         | 1 2 |  2.6
Dodging        | 3 4 |  4.0
Polearms       | 3 |  3.7
Fighting       | 4 |  4.6
Stealth        | |  1.7
Unarmed Combat | |  0.5

Action                   |  1- 3 |  4- 6 || total
-------------------------+-------+-------++-------
Melee: Spear             |   107 |   105 ||   212
       Unarmed           |    87 |       ||    87
       Kick              |    36 |    32 ||    68
Invok: Curse Item        |     1 |     2 ||     3
  Use: Potion            |     2 |     2 ||     4
 Stab: Sleeping          |    10 |     4 ||    14
       Distracted        |     1 |       ||     1
Armor: Robe              |    18 |     4 ||    22
       Skin              |       |     1 ||     1
Dodge: Dodged            |    95 |    57 ||   152

Table legend: (Time is in decaauts)
 A = Elapsed time spent in this place.
 B = Non-inter-level travel time spent in this place.
 C = Inter-level travel time spent in this place.
 D = Time resting spent in this place.
 E = Time spent auto-exploring this place.
 F = Levels seen in this place.
 G = Mean time per level.
                   A        B        C        D        E       F      G
               +--------+--------+--------+--------+--------+-----+--------+
         Total |   3106 |   2910 |    196 |    222 |   2140 |   4 |  776.5 |
       Dungeon |   3106 |   2910 |    196 |    222 |   2140 |   4 |  776.5 |
               +--------+--------+--------+--------+--------+-----+--------+

Top non-repeatable levels by time:
     D:1: 1379 daAuts
     D:3: 843 daAuts
     D:2: 823 daAuts
     D:4: 59 daAuts
